 Dungeon Crawl Stone Soup version 0.20.0-15-g7f486f2 (webtiles) character file.

46 Kosschaser the Ducker (level 3, -1/27 HPs)
             Began as a Merfolk Gladiator on June 21, 2017.
             Killed from afar by Sigmund (7 damage)
             ... with a puff of flame
             ... on level 2 of the Dungeon.
             The game lasted 00:02:30 (1141 turns).

Kosschaser the Ducker (Merfolk Gladiator)           Turns: 1141, Time: 00:02:31

Health: -1/27      AC:  4    Str: 14    XL:     3   Next: 66%
Magic:  3/3        EV: 14    Int:  7    God:
Gold:   97         SH:  0    Dex: 16    Spells: 2/2 levels left

rFire    . . .     SeeInvis .   a - +0 long sword
rCold    . . .     Gourm    .   (no shield)
rNeg     + . .     Faith    .   b - +0 leather armour
rPois    .         Spirit   .   c - +0 helmet
rElec    .         Reflect  .   (no cloak)
rCorr    .         Harm     .   (no gloves)
MR       .....     Rnd*Tele +   (no boots)
Stlth    +.........             (no amulet)
Regen    0.1/turn               l - ring of positive energy
MPRegen  0.1/turn               p - ring of teleportation (curse)

@: confused
A: change form in water, swift swim, stealthy swim
a: no special abilities


You were on level 2 of the Dungeon.
You were not hungry.

You visited 1 branch of the dungeon, and saw 2 of its levels.

You collected 97 gold pieces.

Inventory:

Hand Weapons
 a - a +0 long sword (weapon)
Missiles
 d - 3 throwing nets (quivered)
Armour
 b - a +0 leather armour (worn)
 c - a +0 helmet (worn)
 k - a +0 pair of gloves
 n - a +0 pair of boots
Jewellery
 l - a ring of positive energy (left hand)
 p - a cursed ring of teleportation (right hand)
Scrolls
 e - 3 scrolls of identify {unknown}
 h - a scroll of teleportation {unknown}
 i - a scroll of recharging {unknown}
 o - a scroll of enchant armour {unknown}
Potions
 j - a potion of ambrosia {unknown}
Comestibles
 f - a bread ration
 g - a meat ration
 m - 2 royal jellies


   Skills:
 + Level 2.2 Fighting
 + Level 4.3 Long Blades
 - Level 2.0 Throwing
 + Level 0.2 Armour
 + Level 4.7 Dodging
 + Level 0.2 Stealth


You had 2 spell levels left.
You didn't know any spells.

Dungeon Overview and Level Annotations

Branches:
Dungeon (2/15)

Altars:
Nemelex Xobeh
Trog

Annotations:
D:2 Sigmund


Message History

You kill the kobold!
You see here a dagger.
Sigmund the Dreaded comes into view.
He is wielding a scythe.
Sigmund shouts!
Sigmund mumbles some strange words.
Sigmund flickers and vanishes!
Deactivating autopickup; reactivate with Ctrl-A.
Found a fruit and a scroll labeled KADWAM JIMIF.
You barely miss something. Something hits you!
You hit something but do no damage. Something hits you.
You closely miss something. Something hits you!
* * * LOW HITPOINT WARNING * * *
You hear some strange, mumbled words.
You are confused.
Something hits you.
* * * LOW HITPOINT WARNING * * *
You hear some strange, mumbled words.
A puff of flame appears from out of thin air!
The puff of flame hits you!
You die...

###.......)..# #
#............# .
#.#.#.#.#.#..# ..
#.#.#.#.#.#..# # ...
#.#.#.#.#.#.###### ....
#.#.#.#.#.#.###... .....
##.#)#.#.#.#.#.....
.....%##....(.............
.........@#...[...........
.......#####..............
....... #..............
....... #...........)..
....... #..............
....... #.....<........
......# ##.............
..?..# ##.....##.....
#############


There were no monsters in sight!

Vanquished Creatures
  An ooze (D:1)
  A worm (D:2)
  2 dart slugs
  4 bats
  2 giant cockroaches (D:1)
  4 goblins
  3 hobgoblins
  2 jackals (D:1)
  3 frilled lizards
  10 kobolds
  2 rats (D:1)
34 creatures vanquished.

Notes
Turn   | Place    | Note
-------+----------+-------------------------------------------
     0 | D:1      | Kosschaser the Merfolk Gladiator began the quest for the Orb.
     0 | D:1      | Reached XP level 1. HP: 16/16 MP: 1/1
   259 | D:1      | Reached XP level 2. HP: 20/22 MP: 2/2
   482 | D:1      | Found a sparkling altar of Nemelex Xobeh.
   519 | D:1      | Reached XP level 3. HP: 20/27 MP: 3/3
   757 | D:2      | Found a bloodstained altar of Trog.
  1131 | D:2      | Noticed Sigmund
  1141 | D:2      | Killed from afar by Sigmund

Skill      XL: |  1  2 |
---------------+-------+-----
Long Blades    | 4 |  4.3
Fighting       | |  2.2
Throwing       | |  2.0
Armour         | |  0.2
Dodging        | |  4.7
Stealth        | |  0.2

Action                   || total
-------------------------++-------
Melee: Long sword        ||    93
 Stab: Sleeping          ||     1
  Eat: Chunk             ||     1
Armor: Leather armour    ||    21
Dodge: Dodged            ||    68
       Rpst.: Long sword ||    15
